 Dungeon Crawl Stone Soup version 0.16.1-30-g34a7ffa (webtiles) character file.

378 KurdyM the Basher (level 6, -7/66 HPs)
             Began as an Ogre Gladiator on June 17, 2015.
             Mangled by an iguana (12 damage)
             ... on level 5 of the Dungeon.
             The game lasted 00:05:47 (3928 turns).

KurdyM the Basher (Ogre Gladiator)                  Turns: 3928, Time: 00:05:47

Health: -7/66      AC:  3    Str: 21    XL:     6   Next: 74%
Magic:  6/6        EV: 10    Int:  7    God:
Gold:   291        SH:  0    Dex: 12    Spells: 0 memorised, 5 levels left

rFire  . . .     SeeInvis .     a - +0 flail
rCold  . . .     Clarity  .     b - +0 animal skin
rNeg   . . .     SustAb   .     (shield restricted)
rPois  .         Gourm    .     c - +0 hat
rElec  .         Spirit   .     (no cloak)
rCorr  .         Warding  .     (gloves unavailable)
rMut   .         Stasis   .     (boots unavailable)
MR     .....                    (no amulet)
Stlth  +.........               (no ring)
                                e - ring of flight

@: not resistant to hostile enchantments, very unstealthy
A: unfitting armour, tough skin 1
a: Evoke Flight


You were on level 5 of the Dungeon.
You were not hungry.

You visited 1 branch of the dungeon, and saw 5 of its levels.

You collected 291 gold pieces.

Inventory:

Hand weapons
 a - a +0 flail (weapon)
Missiles
 d - 3 throwing nets (quivered)
Armour
 b - a +0 animal skin (worn)
 c - a +0 hat (worn)
Jewellery
 e - a ring of flight (left hand)
Magical devices
 g - a wand of teleportation (3)
Scrolls
 i - 5 scrolls of remove curse {unknown}
 j - 2 scrolls of fear {unknown}
 p - a scroll of enchant armour {unknown}
 s - a scroll of magic mapping
 v - 2 scrolls of noise {unknown}
Potions
 k - a potion of resistance
 n - a potion of restore abilities
 o - a potion of magic {unknown}
 r - a potion of haste
 u - a potion of curing
Comestibles
 f - 3 meat rations
 h - 4 fruits
 m - a beef jerky
 q - 2 bread rations


   Skills:
 + Level 5.3 Fighting
 + Level 8.4 Maces & Flails
 - Level 2.1 Throwing
 - Level 2.6 Dodging


You had 5 spell levels left.
You didn't know any spells.

Dungeon Overview and Level Annotations

Branches:
Dungeon (5/15)
 Temple: D:4-7

Altars:
Ashenzari
Fedhas
Nemelex Xobeh
Ru
Sif Muna
Vehumet
Zin
The Shining One

Annotations:
D:4 Frenchkiss' ghost, average DDBe
D:5 Sigmund


Innate Abilities, Weirdness & Mutations

You are too large for most types of armour.
You have tough skin (AC +1).


Message History

The iguana hisses angrily.
The iguana bites you!
You take 12 damage, and have 35/66 hp.
You barely miss the iguana. The iguana bites you!
* * * LOW HITPOINT WARNING * * *
You take 15 damage, and have 20/66 hp.
MASSIVE DAMAGE!!
You barely miss the iguana.
The iguana hisses menacingly.
The iguana barely misses you.
You thump the iguana! The iguana bites you!
* * * LOW HITPOINT WARNING * * *
You take 10 damage, and have 10/66 hp.
Unknown command.
You are too injured to fight recklessly!
You are too injured to fight recklessly!
You closely miss the iguana. The iguana bites you.
* * * LOW HITPOINT WARNING * * *
You take 6 damage, and have 4/66 hp.
You closely miss the iguana. The iguana bites you!
You die...

#####...#.......##
.............[...#
#.###............# #
...............)## #..
...............## .....
#..#....##.##### #.....
##..###(##.# ###......
###......#.#####........#
# ####..........@l# ##
##........##.# .##
#...........# ..###
#.........###
#...####.#......# #
##...###.#......###..##
....(..#.#............#
###..#....###....#.....
###.....#..........#


You could see an iguana.

Vanquished Creatures
  A scorpion (D:4)
  A crimson imp (D:5)
  A jelly (D:5)
  A giant frog skeleton (D:5)
  A hound (D:5)
  4 worker ants
  3 adders
  A shadow imp (D:4)
  2 giant mites (D:2)
  A worm (D:5)
  2 adder skeletons
  5 giant geckos
  3 oozes (D:2)
  5 orcs (D:5)
  2 giant cockroaches
  9 goblins
  4 hobgoblins
  3 jackals (D:1)
  4 kobolds
  A quokka (D:3)
  A ball python (D:4)
  5 bats
  3 giant newts
  10 rats
73 creatures vanquished.

Notes
Turn   | Place    | Note
--------------------------------------------------------------
     0 | D:1      | KurdyM, the Ogre Gladiator, began the quest for the Orb.
     0 | D:1      | Reached XP level 1. HP: 22/22 MP: 1/1
    99 | D:1      | Reached XP level 2. HP: 21/29 MP: 2/2
   179 | D:1      | Reached skill level 5 in Maces & Flails
   714 | D:1      | Reached XP level 3. HP: 17/36 MP: 3/3
  1287 | D:2      | Reached skill level 6 in Maces & Flails
  1310 | D:2      | Found a radiant altar of Vehumet.
  1313 | D:2      | Reached XP level 4. HP: 40/44 MP: 4/4
  2042 | D:4      | Found a blossoming altar of Fedhas.
  2060 | D:4      | Reached skill level 7 in Maces & Flails
  2120 | D:4      | Noticed Frenchkiss' ghost (average DDBe)
  2493 | D:4      | Reached XP level 5. HP: 9/53 MP: 5/5
  2816 | D:4      | Found a glowing silver altar of Zin.
  2818 | D:4      | Found a glowing golden altar of the Shining One.
  2820 | D:4      | Found a sacrificial altar of Ru.
  2820 | D:4      | Found a deep blue altar of Sif Muna.
  2821 | D:4      | Found a shattered altar of Ashenzari.
  3276 | D:5      | Entered Level 5 of the Dungeon
  3306 | D:5      | Reached XP level 6. HP: 59/62 MP: 6/6
  3356 | D:5      | Reached skill level 8 in Maces & Flails
  3487 | D:5      | Found a sparkling altar of Nemelex Xobeh.
  3544 | D:5      | Noticed Sigmund
  3545 | D:5      | Noticed a sky beast
  3868 | D:5      | Reached skill level 5 in Fighting
  3928 | D:5      | Mangled by an iguana

Action                   |  1- 3 |  4- 6 || total
-------------------------+-------+-------++-------
Melee: Flail             |    71 |   179 ||   250
Throw: Throwing net      |     1 |       ||     1
Evoke: Wand              |       |     1 ||     1
  Use: Scroll            |       |     5 ||     5
       Potion            |       |     5 ||     5
 Stab: Sleeping          |       |     1 ||     1
  Eat: Chunk             |     1 |     9 ||    10
